 Dungeon Crawl Stone Soup version 0.31.0-11-ge490571c62 (webtiles) character file.

Game seed: 5433245534013157942

11752 browni3141 the Cleaver (level 11, -5/99 HPs)
             Began as a Minotaur Fighter on Jan 28, 2024.
             Was a High Priest of Okawaru.
             Slain by a komodo dragon (19 damage)
             ... on level 1 of the Lair of Beasts.
             The game lasted 00:05:39 (8501 turns).

browni3141 the Cleaver (Minotaur Fighter)           Turns: 8501, Time: 00:05:40

Health: -5/99      AC: 15    Str: 28    XL:     11   Next: 53%
Magic:  16/16      EV:  9    Int:  5    God:    Okawaru [*****.]
Gold:   562        SH:  7    Dex: 14    Spells: 10/10 levels left

rFire   . . .        G - +3 war axe
rCold   + . .        c - +1 buckler
rNeg    + . .        J - +1 chain mail {rC+}
rPois   .            (helmet restricted)
rElec   .            s - +0 cloak
rCorr   +            P - +0 pair of gloves of Faekkeps {Harm rN+ rCorr Str+2}
SInv    .            (no boots)
Will    +....        m - amulet of faith Stlth
                     l - ring of willpower
HPRegen 0.36/turn    t - ring of Happiness {Wiz Dex+5}
MPRegen 0.15/turn

%: harm (+30% outgoing, +20% incoming), faith, wizardry (x1)
@: no status effects
A: horns 2, retaliatory headbutt
a: Renounce Religion, Heroism, Finesse, Duel


You were on level 1 of the Lair of Beasts.
You worshipped Okawaru.
Okawaru was extremely pleased with you.
You visited 3 branches of the dungeon, and saw 10 of its levels.
You also visited: Bailey.

You collected 928 gold pieces.
You spent 366 gold pieces at shops.

Inventory:

Hand Weapons
 a - a +0 war axe
 G - a +3 war axe (weapon)
Missiles
 w - a throwing net (quivered)
 F - 22 boomerangs
 H - 4 silver javelins
 I - 6 curare-tipped darts
 L - 2 javelins
Armour
 b - a +0 scale mail
 c - a +1 buckler (worn)
 q - a +0 chain mail of cold resistance
 s - a +0 cloak (worn)
 y - a +0 pair of gloves
 J - a +1 chain mail of cold resistance (worn)
 P - the +0 pair of gloves of Faekkeps (worn) {Harm rN+ rCorr Str+2}
   (You bought it in a shop on level 8 of the Dungeon)

   Str+2:     It affects your strength (+2).
   rN+:       It protects you from negative energy.
   rCorr:     It protects you from acid and corrosion.
   Harm:      It increases damage dealt and taken.
Jewellery
 l - a ring of willpower (left hand)
 m - an amulet of faith (around neck)
 t - the ring of Happiness (right hand) {Wiz Dex+5}
   (You acquired it on level 1 of the Lair of Beasts)

   [ring of wizardry]

   Wiz:       It improves your spell success rate.
   Dex+5:     It affects your dexterity (+5).
Wands
 n - a wand of flame (30)
 B - a wand of quicksilver (15)
Scrolls
 e - 2 scrolls of enchant armour
 f - 2 scrolls of poison
 p - 6 scrolls of teleportation
 r - 3 scrolls of amnesia
 z - a scroll of vulnerability
 C - a scroll of identify
 E - a scroll of noise
 K - a scroll of immolation {unknown}
 M - a scroll of enchant weapon {unknown}
 N - 2 scrolls of blinking {unknown}
Potions
 d - 2 potions of might
 g - a potion of attraction {unknown}
 h - 2 potions of lignification {unknown}
 i - 2 potions of heal wounds
 j - 2 potions of mutation {unknown}
 k - 3 potions of curing {unknown}
 o - 2 potions of resistance {unknown}
 u - 2 potions of enlightenment {unknown}
 v - a potion of haste
 x - a potion of invisibility {unknown}
 A - 2 potions of ambrosia {unknown}
 D - 2 potions of berserk rage {unknown}
 O - a potion of brilliance {unknown}


   Skills:
 + Level 9.7 Fighting
 * Level 12.4 Axes
 + Level 9.7 Armour
 + Level 9.5 Shields
 * Level 8.6 Invocations


You had 10 spell levels left.
You didn't know any spells.
Your spell library contained the following spells:

 Spells                   Type           Power      Damage    Failure   Level
 Cigotuvi's Dreadful Rot  Necr/Alch/Air  0%         N/A       75%         2
 Frozen Ramparts          Ice            0%         1d1       92%         3
 Fugue of the Fallen      Necr           0%         N/A       92%         3
 Inner Flame              Hex/Fire       0%         N/A       92%         3
 Ozocubu's Armour         Ice            0%         N/A       92%         3
 Leda's Liquefaction      Alch/Erth      0%         N/A       100%        4
 Manifold Assault         Tloc           0%         N/A       100%        4
 Olgreb's Toxic Radiance  Alch           0%         N/A       100%        4
 Passage of Golubria      Tloc           0%         N/A       100%        4
 Petrify                  Alch/Erth      0%         N/A       100%        4
 Metabolic Englaciation   Hex/Ice        0%         N/A       100%        5
 Yara's Violent Unravell  Hex/Alch       0%         3d3       100%        5
 Conjure Ball Lightning   Conj/Air       0%         3x3d6     100%        6
 Discord                  Hex            0%         N/A       100%        8
 Disjunction              Tloc           0%         N/A       100%        8
 Ignition                 Fire           0%         3d3       100%        8
 Fire Storm               Conj/Fire      0%         5d1       100%        9
 Tukima's Dance           Hex            Unusable   N/A       N/A         3
 Summon Blazeheart Golem  Fire/Summ      Unusable   N/A       N/A         4

Dungeon Overview and Level Annotations

Branches:
Dungeon (8/15)             Temple (1/1) D:4            Lair (1/5) D:8
 Bailey (visited)

Altars:
Ashenzari
Cheibriados
Dithmenos
Elyvilon
Fedhas
Gozag
Hepliaklqana
Makhleb
Nemelex Xobeh
Okawaru
Qazlal
Ru
Sif Muna
Trog
Uskayaw
Vehumet
Wu Jian
Xom
Yredelemnul
Zin
The Shining One

Shops:
D:4 *   D:5 :   D:8 [

Annotations:
Lair:1 1 runed translucent door, browni3141's ghost, journeyman MiFi


Innate Abilities, Weirdness & Mutations

You have a pair of horns on your head.
You reflexively headbutt those who attack you in melee.


Message History

The yak barely misses you.
You hit the yak but do no damage.
The yak is moderately wounded.
The yak gores you but does no damage.
You hit the yak. Your headbutt misses the yak.
The yak is heavily wounded.
You hit the yak. You headbutt the yak!
You kill the yak!
Okawaru accepts your kill.
Things that are here:
an elephant corpse; an elephant corpse The elephant barely misses you.
You furiously retaliate!
You headbutt the elephant! The elephant trunk-slaps you.
Things that are here:
a yak corpse; an elephant corpse; a yak corpse You slash the elephant!
You headbutt the elephant, but do no damage.
The elephant is heavily wounded.
The elephant tramples you!
You stumble backwards!
You slash the elephant! You headbutt the elephant!
The elephant is severely wounded.
You hit the elephant but do no damage. You headbutt the elephant!
The elephant is almost dead.
You block the elephant's attack. The elephant closely misses you.
You slice the elephant!!
You kill the elephant!
Okawaru accepts your kill.
No target in view!
No target in view!
No target in view!
No target in view!
You feel like a meek peon again.
Items here: ††††.
You open the door.
A blink frog comes into view.
A blink frog is nearby!
A blink frog is nearby!
A blink frog is nearby!
A blink frog comes into view.
The blink frog hits you. The blink frog hits you!
The blink frog blinks!
There is an open door, spattered with blood here.
You hit the blink frog.
The blink frog is lightly wounded.
You slash the blink frog!
You hear a loud, deep croak!
The blink frog blinks!
You block the blink frog's attack.
You slice the blink frog!!
You kill the blink frog!
Okawaru accepts your kill. Okawaru grants you throwing weapons!
Something appears at your feet!
A blink frog comes into view.
Found an escape hatch in the floor.
A komodo dragon comes into view.
The blink frog hits you!
You see here a blink frog corpse.
You closely miss the blink frog.
The komodo dragon hisses angrily.
The blink frog blinks!
The blink frog hits you but does no damage.
You slash the blink frog! Your headbutt misses the blink frog.
The blink frog is severely wounded.
You block the blink frog's attack.
You closely miss the blink frog. Your headbutt misses the blink frog.
The blink frog is severely wounded.
You block the blink frog's attack.
The blink frog hits you but does no damage.
You slash the blink frog!
You kill the blink frog!
Okawaru accepts your kill. The blink frog hits you.
You slash the blink frog! You headbutt the blink frog.
The blink frog is heavily wounded.
You hit the komodo dragon but do no damage.
You block the blink frog's attack. The komodo dragon barely misses you.
You barely miss the blink frog.
The blink frog is heavily wounded.
You completely miss the komodo dragon. The blink frog hits you!
You miss the blink frog.
The blink frog is heavily wounded.
You hit the komodo dragon but do no damage.
The komodo dragon closely misses you. You block the blink frog's attack.
You hit the blink frog. Your headbutt misses the blink frog.
The blink frog is severely wounded.
You hit the komodo dragon. The blink frog hits you!
The komodo dragon bites you!!
The blink frog blinks!
You closely miss the komodo dragon.
The komodo dragon is lightly wounded.
The komodo dragon closely misses you.
You slash the komodo dragon! You headbutt the komodo dragon.
The komodo dragon is heavily wounded.
The komodo dragon bites you.
The blink frog blinks!
You hit the komodo dragon.
The komodo dragon is heavily wounded.
The komodo dragon misses you.
You hit the komodo dragon but do no damage.
You headbutt the komodo dragon.
The komodo dragon is heavily wounded.
The komodo dragon bites you!
You die...

#........# ##.#..
#.......+.# #†.#..
#...§...#....+.###
##.......######...#
#....F...# ###.#
##.......# #....
####(#.#### ##(#..
#..†.### ##..†..
#.+#@.# ###....##
#...l.....###........
#......>.............
#.........#.#........
#.............#.......
##...........##....^..
............ #.......
#).........## #.......
##..##.#


You could see a komodo dragon and a blink frog.

Vanquished Creatures
  Pikel (D:6)
  An orc knight (Bailey)
  6 elephants (Lair:1)
  A cane toad (Lair:1)
  2 rime drakes (Lair:1)
  2 polar bears (Lair:1)
  6 blink frogs (Lair:1)
  Sigmund (D:4)
  A wyvern (D:8)
  12 yaks
  2 basilisks
  4 steam dragons
  Edmund (D:4)
  2 water moccasins
  6 orc warriors
  A black bear (D:8)
  An ice beast (D:8)
  A sky beast (D:7)
  3 centaurs
  A lemure (D:6)
  A phantom (D:5)
  9 kobold brigands
  3 bullfrogs
  2 scorpions
  12 wights
  A bombardier beetle (D:5)
  9 hounds
  A gnoll bouda (D:7)
  A sleepcap (D:6)
  2 iguanas (D:7)
  3 orc wizards
  9 gnolls
  3 adders
  A shadow imp (D:7)
  2 ufetubi (D:6)
  An adder zombie (D:3)
  4 dart slugs
  A ribbon worm (D:4)
  26 orcs
  4 bats
  2 endoplasms
  2 giant cockroaches
  8 goblins
  4 hobgoblins
  14 jackals
  28 kobolds
  8 quokkas
  7 ball pythons
  3 frilled lizards
  A jackal zombie (D:3)
  2 rats
229 creatures vanquished.

Notes
Turn   | Place    | Note
-------+----------+-------------------------------------------
     0 | D:1      | browni3141 the Minotaur Fighter began the quest for the
                  | Orb.
     0 | D:1      | Reached XP level 1. HP: 19/19 MP: 0/0
   172 | D:1      | Reached XP level 2. HP: 27/27 MP: 1/1
   199 | D:1      | Reached skill level 3 in Axes
   539 | D:2      | Reached XP level 3. HP: 30/33 MP: 2/2
   986 | D:2      | Got the Discursus on Heated Transmutation
  1420 | D:3      | Noticed a scorpion
  1427 | D:3      | Killed a scorpion
  1428 | D:3      | Reached skill level 4 in Axes
  1428 | D:3      | Reached XP level 4. HP: 41/41 MP: 3/3
  1724 | D:3      | Reached XP level 5. HP: 46/47 MP: 4/4
  1886 | D:3      | Found a glowing silver altar of Zin.
  1957 | D:3      | Found a glowing golden altar of the Shining One.
  2034 | D:3      | Found a basalt altar of Yredelemnul.
  2317 | D:4      | Noticed Sigmund
  2337 | D:4      | Killed Sigmund
  2338 | D:4      | Reached skill level 5 in Fighting
  2338 | D:4      | Reached skill level 5 in Axes
  2338 | D:4      | Reached XP level 6. HP: 5/56 MP: 5/5
  2563 | D:4      | Found a staircase to the Ecumenical Temple.
  2579 | Temple   | Entered the Ecumenical Temple
  2585 | Temple   | Became a worshipper of Warmaster Okawaru
  2642 | D:4      | Noticed Edmund
  2652 | D:4      | Killed Edmund
  2653 | D:4      | Reached skill level 5 in Armour
  2653 | D:4      | Reached skill level 5 in Shields
  2744 | D:4      | Found Bisacot's General Store.
  2747 | D:4      | Found Jometawu's Specific Store.
  2751 | D:4      | Bought a potion of haste for 110 gold pieces
  3245 | D:5      | Entered Level 5 of the Dungeon
  3282 | D:5      | Reached skill level 6 in Axes
  3282 | D:5      | Reached XP level 7. HP: 55/61 MP: 6/6
  3329 | D:5      | Found a broken altar of Ashenzari.
  3351 | D:5      | Found Caot's Book Boutique.
  3554 | D:5      | Reached * piety under Okawaru
  4231 | D:6      | Found a white marble altar of Elyvilon.
  4304 | D:6      | Reached skill level 7 in Axes
  4527 | D:6      | Reached XP level 8. HP: 70/70 MP: 7/7
  4536 | D:6      | Reached skill level 1 in Invocations
  4612 | D:6      | Noticed Pikel
  4627 | D:6      | Killed Pikel
  4627 | D:6      | Reached ** piety under Okawaru
  4628 | D:6      | Reached skill level 8 in Axes
  4741 | D:6      | Found a sacrificial altar of Ru.
  5461 | D:6      | Reached XP level 9. HP: 73/79 MP: 7/10
  5542 | D:7      | Reached *** piety under Okawaru
  5674 | D:7      | Found a stormy altar of Qazlal.
  5681 | D:7      | Got the Disquisition on Wildfire
  5769 | D:7      | Reached skill level 9 in Axes
  5858 | D:7      | Found a flagged portal.
  6044 | Bailey   | Entered a bailey
  6078 | Bailey   | Reached skill level 5 in Invocations
  6270 | Bailey   | Noticed an orc knight
  6283 | Bailey   | Reached skill level 10 in Axes
  6285 | Bailey   | Reached **** piety under Okawaru
  6289 | Bailey   | Killed an orc knight
  6290 | Bailey   | Reached XP level 10. HP: 41/88 MP: 10/13
  6428 | Bailey   | Found an iron altar of Okawaru.
  7149 | D:8      | Reached ***** piety under Okawaru
  7173 | D:8      | Received a gift from Okawaru
  7182 | D:8      | Reached skill level 11 in Axes
  7441 | D:8      | Found a staircase to the Lair.
  7590 | D:8      | Found Etaruom's Antique Armour Boutique.
  7603 | D:8      | Bought a pair of steaming gloves for 256 gold pieces
  7603 | D:8      | Identified the +0 pair of gloves of Faekkeps {Harm rN+
                  | rCorr Str+2} (You bought it in a shop on level 8 of the
                  | Dungeon)
  7821 | D:8      | Noticed a two-headed ogre
  7904 | Lair:1   | Entered Level 1 of the Lair of Beasts
  7905 | Lair:1   | Identified a scroll of acquirement
  7911 | Lair:1   | Acquired the ring of Happiness {Wiz Dex+5}
  8135 | Lair:1   | Reached XP level 11. HP: 81/97 MP: 15/15
  8220 | Lair:1   | Received a gift from Okawaru
  8239 | Lair:1   | Found a runed translucent door.
  8240 | Lair:1   | Found a shimmering altar of Xom.
  8240 | Lair:1   | Noticed browni3141's ghost (journeyman MiFi)
  8240 | Lair:1   | Noticed a +0 trident of chaos
  8281 | Lair:1   | Reached skill level 12 in Axes
  8487 | Lair:1   | Received a gift from Okawaru
  8501 | Lair:1   | Slain by a komodo dragon

Illustrated notes

Levels and vault maps discovered:
D:1:      matt_arrival_grand_opening, layout_rooms
D:2:      layout_loops_ring, minmay_misc_feat_alley, kennysheep_small_spiral
D:3:      layout_basic, amcnicky_altar_gilded, nicolae_tso_swordbearing_angel,
          lemuel_zombie_altar_yredelemnul
D:4:      layout_loops_ring, minmay_temple_entry_grid, nicolae_specific_store,
          uniq_edmund, uniq_sigmund
D:5:      layout_basic, nicolae_overflow_crystal_walls, serial_shops,
          nicolae_shop_crystal, serial_bayou, serial_bayou_lagoon_a,
          serial_bayou_lagoon_b, serial_bayou_ford_a, serial_bayou_pond_e
D:6:      kennysheep_steamy, layout_layer_cave, nicolae_ru_sacrificial_ziggurat,
          elyvilon_altar_3, uniq_pikel
D:7:      layout_basic, mainiacjoe_overflow_24_doors, enter_bailey_7
D:8:      layout_basic, david_lair_generic, serial_shops,
          nicolae_shop_waterfront, lightli_corner_chamber
Temple:   eino_narrow_crystal_temple
Lair:1:   layout_roguey, ebering_ghost_xom

Skill      XL: |  1  2  3  4  5  6  7  8  9 10 11 |
---------------+----------------------------------+-----
Axes           | 3 4 5 6 7 8 10 11 12 | 12.4
Armour         | 4 5 6 7 8 9 |  9.7
Fighting       | 4 5 6 7 8 9 |  9.7
Shields        | 4 5 6 7 8 9 |  9.5
Invocations    | 3 5 7 8 |  8.6

Action                     |  1- 3 |  4- 6 |  7- 9 | 10-12 || total
---------------------------+-------+-------+-------+-------++-------
  Melee: War axe           |    78 |    88 |   205 |   223 ||   594
         Headbutt          |    10 |     7 |    33 |    57 ||   107
 Invoke: Heroism           |       |       |     5 |     1 ||     6
    Use: Scroll            |       |     3 |       |     5 ||     8
         Potion            |       |       |     3 |       ||     3
 Armour: Scale mail        |    58 |    45 |       |       ||   103
         Chain mail        |       |    36 |   193 |   165 ||   394
  Dodge: Dodged            |    41 |    33 |    84 |    74 ||   232
  Block: Buckler           |    14 |    15 |    76 |    71 ||   176
